[Event "ICC tourney 2552 (3 2)"]
[Site "Internet Chess Club"]
[Date "2021.05.07"]
[Round "3"]
[White "GRACE KINNEY, ELLA:K06-16939048"]
[Black "EUGENE DUNIKOV, DAVID:K03-16736200"]
[Result "0-1"]
[ICCResult "White checkmated"]
[WhiteElo "1400"]
[BlackElo "1400"]
[Opening "QP counter-gambit (elephant gambit)"]
[ECO "C40"]
[NIC "KP.10"]
[Time "18:51:48"]
[PlyCount "144"]
[TimeControl "180+2"]

1. e4 e5 2. Nf3 d5 3. exd5 e4 4. Ng1 Nf6 5. Bc4 Bc5 6. Ne2 Nxd5 7. Bxd5
Qxd5 8. Nbc3 Qc6 9. Ng3 f5 10. O-O O-O 11. d3 exd3 12. Qxd3 b6 13. Qd5+
Qxd5 14. Nxd5 Na6 15. Be3 Bxe3 16. Nxe3 f4 17. Nd5 fxg3 18. fxg3 Bb7 19.
Ne7+ Kh8 20. Rxf8+ Rxf8 21. Rd1 g6 22. h4 Re8 23. Nd5 Rd8 24. Ne3 Rxd1+ 25.
Nxd1 Nb4 26. Nc3 Nxc2 27. Nb5 Nb4 28. Nxa7 Nxa2 29. Nb5 c5 30. Nd6 Bd5 31.
g4 Kg7 32. h5 Kf6 33. hxg6 hxg6 34. Kh2 Ke5 35. Nb5 Kf4 36. Kh3 Be6 37. g3+
Kf3 38. Kh4 Bxg4 39. Kg5 Kxg3 40. Kxg6 Bd7 41. Nd6 Nb4 42. Nc4 b5 43. Ne5
Bc8 44. Kf6 Kf4 45. Nf7 Nd5+ 46. Kg6 c4 47. Nd6 Bd7 48. Kf7 Ke5 49. Nb7 c3
50. bxc3 Nxc3 51. Na5 b4 52. Ke7 Ba4 53. Kf7 Kd5 54. Kf6 Kc5 55. Ke5 Kb5
56. Nb7 b3 57. Nd6+ Kc5 58. Nb7+ Kb4 59. Nd6 b2 60. Ne4 Nxe4 61. Kxe4 b1=Q+
62. Kd5 Qd3+ 63. Ke5 Bd7 64. Kf6 Qf5+ 65. Ke7 Qe6+ 66. Kf8 Be8 67. Kg7 Qf7+
68. Kh8 Qf6+ 69. Kh7 Bg6+ 70. Kh6 Bf7+ 71. Kh7 Qg6+ 72. Kh8 Qg8# { White
checkmated } 0-1

[Event "ICC tourney 2552 (3 2)"]
[Site "Internet Chess Club"]
[Date "2021.05.07"]
[Round "3"]
[White "KRISHNAN, ANISH:K03-16596617"]
[Black "WEICHENG ZHANG, JUSTIN:K06-16253356"]
[Result "0-1"]
[ICCResult "White checkmated"]
[WhiteElo "1400"]
[BlackElo "1400"]
[Opening "Modern defense"]
[ECO "A40"]
[NIC "QO.17"]
[Time "18:53:19"]
[PlyCount "124"]
[TimeControl "180+2"]

1. d4 g6 2. Bf4 Bg7 3. e3 d6 4. Nf3 Nf6 5. Nbd2 O-O 6. c3 Nbd7 7. Bd3 c5 8.
O-O cxd4 9. cxd4 Nd5 10. Bg3 Nb4 11. Bc2 Nxc2 12. Qxc2 Nf6 13. e4 Bg4 14.
Rfe1 Nh5 15. h3 Bxf3 16. Nxf3 Nxg3 17. fxg3 Rc8 18. Qd2 Qb6 19. Rad1 Rfd8
20. Kh2 e5 21. d5 Rc7 22. Ng5 h6 23. Nf3 Rdc8 24. Rc1 Rc5 25. b4 Rxc1 26.
Rxc1 Rxc1 27. Qxc1 Qxb4 28. Qc8+ Kh7 29. Qb8 Qb6 30. a4 a5 31. g4 Qb4 32.
g5 h5 33. Qe8 Qxe4 34. Qxf7 Qf4+ 35. Qxf4 exf4 36. g3 fxg3+ 37. Kxg3 Kg8
38. Kf2 Kf7 39. Ke3 Ke7 40. Nd4 Bxd4+ 41. Kxd4 Kd7 42. Ke4 Kc7 43. h4 b5
44. axb5 Kb6 45. Kd4 Kxb5 46. Kc3 Kc5 47. Kb3 Kxd5 48. Ka4 Ke4 49. Kxa5 d5
50. Kb4 d4 51. Kb3 d3 52. Kb2 Ke3 53. Kc1 Ke2 54. Kb2 d2 55. Kc2 d1=Q+ 56.
Kc3 Qd2+ 57. Kc4 Qd6 58. Kb5 Qc7 59. Ka6 Qb8 60. Ka5 Kd3 61. Ka4 Kc4 62.
Ka3 Qb3# { White checkmated } 0-1

[Event "ICC tourney 2552 (3 2)"]
[Site "Internet Chess Club"]
[Date "2021.05.07"]
[Round "3"]
[White "VALISEKKAGARI, SAICHARAN:K06-16250885"]
[Black "JANI, AAKASH:K01-17179264"]
[Result "0-1"]
[ICCResult "White resigns"]
[WhiteElo "1400"]
[BlackElo "1400"]
[Opening "Two knights defense"]
[ECO "C58"]
[NIC "KP.01"]
[Time "18:53:19"]
[PlyCount "108"]
[TimeControl "180+2"]

1. e4 e5 2. Nf3 Nc6 3. Bc4 Nf6 4. Ng5 d5 5. exd5 Na5 6. Bb5+ Bd7 7. Bxd7+
Qxd7 8. Nc3 Nxd5 9. Nxd5 Qxd5 10. Qf3 Qxf3 11. Nxf3 O-O-O 12. O-O f6 13. d3
Bc5 14. Be3 Bd4 15. Bxd4 exd4 16. Rfe1 Nc6 17. Re2 Rde8 18. Rae1 Kd7 19. a3
Rhf8 20. b4 a6 21. Re4 Rxe4 22. Rxe4 Re8 23. Rxe8 Kxe8 24. Kf1 Ke7 25. Ke2
Ke6 26. Kd2 Kd5 27. c3 dxc3+ 28. Kxc3 Ne5 29. Nxe5 fxe5 30. f3 b5 31. h4 h5
32. g3 g6 33. f4 e4 34. d4 c6 35. g4 hxg4 36. f5 gxf5 37. h5 g3 38. h6 g2
39. h7 g1=Q 40. h8=Q Qe3+ 41. Kc2 Qd3+ 42. Kc1 Qxd4 43. Qd8+ Kc4 44. Qg8+
Qd5 45. Qg2 Qd3 46. Qg8+ Kc3 47. Qg7+ Qd4 48. Qg3+ e3 49. Qe1+ Qd2+ 50.
Qxd2+ exd2+ 51. Kd1 f4 52. a4 bxa4 53. b5 axb5 54. Ke2 Kc2 { White resigns
} 0-1

[Event "ICC tourney 2552 (3 2)"]
[Site "Internet Chess Club"]
[Date "2021.05.07"]
[Round "3"]
[White "RODIC, ELLIOT:K05-16510635"]
[Black "BHATT, DEV:K05-16675618"]
[Result "1/2-1/2"]
[ICCResult "Black stalemated"]
[WhiteElo "1400"]
[BlackElo "1520"]
[Opening "Giuoco Pianissimo: Italian four knights variation"]
[ECO "C55"]
[NIC "IG.01"]
[Time "18:53:19"]
[PlyCount "135"]
[TimeControl "180+2"]

1. e4 e5 2. Nf3 Nc6 3. Bc4 Nf6 4. d3 Bc5 5. Nc3 O-O 6. Bg5 Be7 7. O-O h6 8.
Bh4 d6 9. Bxf6 Bxf6 10. Nd5 Bg4 11. h3 Bh5 12. c3 Rb8 13. a4 a6 14. b4 b6
15. b5 axb5 16. Bxb5 Ne7 17. Nxf6+ gxf6 18. Qe2 Rc8 19. Qe3 c6 20. Bc4 Ng6
21. Nd2 Nf4 22. d4 d5 23. dxe5 dxc4 24. Qxf4 fxe5 25. Qxh6 Bg6 26. Nf3 Qf6
27. Ng5 Qg7 28. Qxg7+ Kxg7 29. a5 bxa5 30. Rxa5 f6 31. Ne6+ Kf7 32. Nxf8
Kxf8 33. f3 Be8 34. Rd1 Kf7 35. Rc5 Bd7 36. Rxc4 Be6 37. Rb4 c5 38. Rb7+
Kg6 39. Rd6 Bc4 40. Rbb6 Rf8 41. Rbc6 Kg5 42. Rxc5 Ba2 43. Rc7 Kf4 44. Rcc6
f5 45. exf5 Kxf5 46. Rc5 Kf4 47. c4 Kf5 48. Rdd5 Re8 49. Kf2 Kf4 50. g3+
Kf5 51. Rd7 Kf6 52. g4 Kg5 53. Rg7+ Kf6 54. Rh7 Kg6 55. Rh5 Re6 56. Rf5 Rf6
57. Rxf6+ Kxf6 58. h4 Kg6 59. h5+ Kh6 60. Rc6+ Kg5 61. h6 Kf4 62. h7 e4 63.
fxe4 Kxe4 64. h8=Q Kf4 65. Qf6+ Kxg4 66. Re6 Bxc4 67. Re4+ Kh5 68. Rxc4 {
Black stalemated } 1/2-1/2

[Event "ICC tourney 2552 (3 2)"]
[Site "Internet Chess Club"]
[Date "2021.05.07"]
[Round "3"]
[White "KONDABATHINI, NAMISH:K05-16992657"]
[Black "YU, YANG:K01-30094337"]
[Result "1-0"]
[ICCResult "Black checkmated"]
[WhiteElo "1400"]
[BlackElo "1400"]
[Opening "QGD semi-Slav"]
[ECO "D43"]
[NIC "SL.06"]
[Time "18:53:12"]
[PlyCount "149"]
[TimeControl "180+2"]

1. d4 d5 2. c4 e6 3. Nc3 c6 4. Nf3 Nf6 5. Bg5 Be7 6. Bxf6 Bxf6 7. e3 c5 8.
cxd5 exd5 9. Be2 Nc6 10. O-O cxd4 11. Nxd4 Nxd4 12. exd4 O-O 13. Bf3 Be6
14. Qb3 Bxd4 15. Nxd5 Bb6 16. Rfd1 Rc8 17. Qd3 Bxd5 18. Bxd5 Rc7 19. Rac1
Rxc1 20. Rxc1 Re8 21. g3 Qg5 22. Qc4 Qf6 23. Rc2 Re1+ 24. Kg2 g6 25. Bxb7
Re7 26. Bf3 Kg7 27. Rd2 Rc7 28. Qe2 Qe6 29. Qxe6 fxe6 30. Re2 Re7 31. Bd5
Kf6 32. Bb3 e5 33. Rd2 e4 34. Rd6+ Kg7 35. h4 e3 36. fxe3 Rxe3 37. Rd7+ Kh6
38. Bg8 Kh5 39. Kh3 g5 40. Rxh7+ Kg6 41. h5+ Kf5 42. Rf7+ Ke4 43. Re7+ Kf3
44. Rxe3+ Bxe3 45. h6 Bd4 46. h7 Bxb2 47. Bd5+ Ke3 48. Kg4 Be5 49. Kxg5 Kd4
50. Kg6 Kxd5 51. Kf7 Kd6 52. Kg8 Kc5 53. h8=Q Bxh8 54. Kxh8 Kb4 55. g4 Ka3
56. g5 Kxa2 57. g6 Kb2 58. g7 a5 59. g8=Q a4 60. Qg2+ Kb1 61. Qf1+ Ka2 62.
Qe2+ Kb3 63. Qd1+ Ka3 64. Qa1+ Kb3 65. Kg7 a3 66. Kf7 a2 67. Ke6 Ka3 68.
Kd5 Kb3 69. Kd4 Kb4 70. Qxa2 Kb5 71. Qc2 Kb4 72. Qc4+ Ka3 73. Qb5 Ka2 74.
Kc3 Ka1 75. Qb2# { Black checkmated } 1-0

[Event "ICC tourney 2552 (3 2)"]
[Site "Internet Chess Club"]
[Date "2021.05.07"]
[Round "3"]
[White "ZHAO, DANSON:K01-30127679"]
[Black "JAIN, DARSH:K05-30103038"]
[Result "1-0"]
[ICCResult "Black checkmated"]
[WhiteElo "1400"]
[BlackElo "1400"]
[Opening "Giuoco Pianissimo: Italian four knights variation"]
[ECO "C55"]
[NIC "IG.01"]
[Time "18:53:19"]
[PlyCount "173"]
[TimeControl "180+2"]

1. e4 e5 2. Nf3 Nc6 3. Bc4 Nf6 4. Nc3 Bc5 5. d3 O-O 6. O-O d6 7. h3 h6 8.
Be3 Bb6 9. Re1 Bd7 10. Qd2 Na5 11. Bb3 Nxb3 12. axb3 Be6 13. Na4 Bxe3 14.
fxe3 d5 15. exd5 Bxd5 16. e4 Be6 17. Nxe5 Qd4+ 18. Qe3 Qxe5 19. d4 Qb5 20.
d5 Bd7 21. Nc5 b6 22. c4 Qxc5 23. Qxc5 bxc5 24. e5 Ne8 25. Rad1 c6 26. e6
fxe6 27. dxe6 Bc8 28. e7 Rf7 29. Rd8 Bb7 30. Kh2 Rc8 31. Rd7 Ba6 32. Rd8
Kh7 33. Kh1 Kg6 34. Kh2 Kf6 35. Rd7 Nc7 36. Rxc7 Re8 37. Rxa7 Bc8 38. Rc7
Bf5 39. Rxc6+ Kg5 40. Rc7 Kf6 41. Rc6+ Kg5 42. Rxc5 Rexe7 43. Rxe7 Rxe7 44.
g4 Re2+ 45. Kg3 Rxb2 46. Rxf5+ Kg6 47. c5 Rxb3+ 48. Kf4 Rb8 49. c6 Rc8 50.
Rc5 Kf6 51. Ke4 Ke6 52. Kd4 Kd6 53. Kc4 Rxc6 54. Rxc6+ Kxc6 55. Kd4 Kd6 56.
Ke4 Ke6 57. Kf4 Kf6 58. h4 Kf7 59. Kf5 g6+ 60. Kf4 Kf6 61. h5 g5+ 62. Ke4
Ke6 63. Kf3 Ke5 64. Ke3 Kd5 65. Kd3 Ke5 66. Ke3 Kd5 67. Kd3 Kc5 68. Ke4 Kd6
69. Kf5 Kd5 70. Kg6 Ke4 71. Kxh6 Kf4 72. Kg6 Kg3 73. Kxg5 Kf3 74. h6 Ke4
75. h7 Kd4 76. h8=Q+ Kd3 77. Qe8 Kd4 78. Kf6 Kc5 79. g5 Kc4 80. g6 Kd4 81.
g7 Kc5 82. g8=Q Kd4 83. Qg4+ Kd5 84. Qe5+ Kc6 85. Qc4+ Kd7 86. Qed5+ Ke8
87. Qc8# { Black checkmated } 1-0

[Event "ICC tourney 2552 (3 2)"]
[Site "Internet Chess Club"]
[Date "2021.05.07"]
[Round "3"]
[White "HUAN LIANG, ERIC:K03-30067885"]
[Black "D LEVY, SOLOMON:K03-30045580"]
[Result "0-1"]
[ICCResult "White checkmated"]
[WhiteElo "1233"]
[BlackElo "1400"]
[Opening "Giuoco Piano: four knights variation"]
[ECO "C50"]
[NIC "IG.02"]
[Time "19:03:43"]
[PlyCount "118"]
[TimeControl "180+2"]

1. e4 e5 2. Nf3 Nc6 3. Bc4 Bc5 4. Nc3 Nf6 5. O-O O-O 6. h3 Nd4 7. d3 h6 8.
Nd5 Nxd5 9. Bxd5 c6 10. Bc4 b5 11. Bb3 d5 12. Nxe5 dxe4 13. dxe4 Qe7 14.
Bf4 Bd6 15. Qxd4 c5 16. Bxf7+ Rxf7 17. Qc3 Rxf4 18. Ng6 Qg5 19. Nxf4 Qxf4
20. Qg3 Qxg3 21. fxg3 Bxg3 22. Rf3 Be5 23. c3 Bb7 24. Re1 Re8 25. Rf5 Bg3
26. Re3 Bxe4 27. Rxc5 Bf4 28. Re1 Bc6 29. Rxe8+ Bxe8 30. Rc8 Kf7 31. Ra8
Bc6 32. Rc8 Bb7 33. Rc5 Be3+ 34. Kh2 Bxc5 35. b4 Be3 36. Kg3 Bd2 37. Kf2
Bxc3 38. Ke3 Bxb4 39. Kd3 Bxg2 40. Kc2 Bxh3 41. Kb3 Bd2 42. Kc2 Bf4 43. Kd3
Be6 44. Ke4 Bc1 45. Kd4 Bxa2 46. Kc5 g5 47. Kxb5 g4 48. Kc5 g3 49. Kd4 g2
50. Kd3 g1=Q 51. Ke2 Qe3+ 52. Kf1 Bc4+ 53. Kg2 Qg5+ 54. Kf3 h5 55. Kf2 h4
56. Kf3 h3 57. Kf2 h2 58. Ke1 h1=Q+ 59. Kf2 Qf4# { White checkmated } 0-1

[Event "ICC tourney 2552 (3 2)"]
[Site "Internet Chess Club"]
[Date "2021.05.07"]
[Round "3"]
[White "LIN, HUGH:K03-30027561"]
[Black "DAY, ABBOTT:K03-17009082"]
[Result "1-0"]
[ICCResult "Black forfeits on time"]
[WhiteElo "1400"]
[BlackElo "1346"]
[Opening "Scandinavian defense"]
[ECO "B01"]
[NIC "SD.03"]
[Time "19:09:34"]
[PlyCount "29"]
[TimeControl "180+2"]

1. e4 d5 2. exd5 Nf6 3. Nc3 Nxd5 4. Nxd5 Qxd5 5. c4 Qa5 6. a3 Bf5 7. b4
Qe5+ 8. Be2 Qxa1 9. Bb2 Qxb2 10. d3 Qxa3 11. g4 Qxb4+ 12. Kf1 Nc6 13. gxf5
Rd8 14. Nf3 Nd4 15. Nxd4 { Black forfeits on time } 1-0

[Event "ICC tourney 2552 (3 2)"]
[Site "Internet Chess Club"]
[Date "2021.05.07"]
[Round "4"]
[White "SINHA, AANVI:K05-16964627"]
[Black "PARHAR, OJAS:K03-16452028"]
[Result "0-1"]
[ICCResult "White checkmated"]
[WhiteElo "1400"]
[BlackElo "1400"]
[Opening "Sicilian: closed"]
[ECO "B23"]
[NIC "SI.44"]
[Time "19:15:42"]
[PlyCount "20"]
[TimeControl "180+2"]

1. e4 c5 2. Nc3 e6 3. Nf3 Nc6 4. Bc4 Nf6 5. d4 cxd4 6. Nxd4 Bc5 7. Nxc6
bxc6 8. Bg5 h6 9. Bxf6 Qxf6 10. Nd5 Qxf2# { White checkmated } 0-1

[Event "ICC tourney 2552 (3 2)"]
[Site "Internet Chess Club"]
[Date "2021.05.07"]
[Round "4"]
[White "BUELTMANN PROK, LENNY:K06-30096360"]
[Black "WANG, ETHAN:K05-15914623"]
[Result "0-1"]
[ICCResult "White resigns"]
[WhiteElo "1117"]
[BlackElo "1400"]
[Opening "Ruy Lopez: four knights (Tarrasch) variation"]
[ECO "C77"]
[NIC "RL.12"]
[Time "19:15:05"]
[PlyCount "40"]
[TimeControl "180+2"]

1. e4 e5 2. Nf3 Nc6 3. Bb5 a6 4. Ba4 Nf6 5. Nc3 b5 6. Nxb5 axb5 7. Bxb5 Ba6
8. c4 Nxe4 9. Qe2 Nf6 10. Bxc6 dxc6 11. Qxe5+ Qe7 12. b3 Qxe5+ 13. Nxe5 Bc5
14. Nxc6 O-O 15. Bb2 Ne4 16. Kd1 Nxf2+ 17. Kc2 Nxh1 18. Rf1 Bb7 19. Rf3
Bxc6 20. Rf5 Be4+ { White resigns } 0-1

[Event "ICC tourney 2552 (3 2)"]
[Site "Internet Chess Club"]
[Date "2021.05.07"]
[Round "4"]
[White "CHAN, JACOB:K03-30165089"]
[Black "CHEN, ANDY:K01-30080996"]
[Result "0-1"]
[ICCResult "White checkmated"]
[WhiteElo "1400"]
[BlackElo "1400"]
[Opening "Three knights game"]
[ECO "C46"]
[NIC "KP.06"]
[Time "19:15:39"]
[PlyCount "22"]
[TimeControl "180+2"]

1. e4 e5 2. Nf3 Nc6 3. Nc3 Bc5 4. Bb5 d6 5. O-O Nf6 6. Nd5 Nxe4 7. Ng5 Qxg5
8. d3 Qf5 9. dxe4 Qxe4 10. g3 Bh3 11. Re1 Qg2# { White checkmated } 0-1

[Event "ICC tourney 2552 (3 2)"]
[Site "Internet Chess Club"]
[Date "2021.05.07"]
[Round "4"]
[White "S JANIS, MAXTON:K05-30158505"]
[Black "PULIJALA, AKSHAJ:K05-16497860"]
[Result "0-1"]
[ICCResult "White checkmated"]
[WhiteElo "1147"]
[BlackElo "1400"]
[Opening "Sicilian defense"]
[ECO "B20"]
[NIC "SI.48"]
[Time "19:15:36"]
[PlyCount "40"]
[TimeControl "180+2"]

1. e4 c5 2. Bc4 Nc6 3. Qh5 e6 4. Qd1 d5 5. exd5 exd5 6. Bb5 Be6 7. Bxc6+
bxc6 8. Nc3 Nf6 9. d4 cxd4 10. Qxd4 Qc7 11. Qd1 Bd6 12. Nf3 O-O 13. O-O Ng4
14. g3 f5 15. Bf4 Bxf4 16. gxf4 Qxf4 17. Re1 Rfe8 18. Kf1 Nxh2+ 19. Nxh2
Qxh2 20. Re2 Qh1# { White checkmated } 0-1

[Event "ICC tourney 2552 (3 2)"]
[Site "Internet Chess Club"]
[Date "2021.05.07"]
[Round "4"]
[White "LOVE, ANDREAS:K01-30154512"]
[Black "MANIKANDAN, SIDDHARTH:K05-15223658"]
[Result "0-1"]
[ICCResult "White checkmated"]
[WhiteElo "1139"]
[BlackElo "1400"]
[Opening "Giuoco Piano"]
[ECO "C50"]
[NIC "IG.02"]
[Time "19:15:29"]
[PlyCount "40"]
[TimeControl "180+2"]

1. e4 e5 2. Nf3 Nc6 3. Bc4 Bc5 4. O-O Nf6 5. Nc3 O-O 6. Re1 d6 7. h3 Be6 8.
Bxe6 fxe6 9. a3 Re8 10. b4 Bb6 11. Rb1 d5 12. exd5 exd5 13. a4 e4 14. Nh2
d4 15. Na2 d3 16. cxd3 Qd4 17. a5 Qxf2+ 18. Kh1 exd3 19. axb6 Ne4 20. Rf1
Ng3# { White checkmated } 0-1

[Event "ICC tourney 2552 (3 2)"]
[Site "Internet Chess Club"]
[Date "2021.05.07"]
[Round "4"]
[White "SUDEENDRA, SANKARSHANA:K06-30017519"]
[Black "LI, AIDAN:K05-16624042"]
[Result "0-1"]
[ICCResult "White checkmated"]
[WhiteElo "1573"]
[BlackElo "1400"]
[Opening "Scotch game"]
[ECO "C45"]
[NIC "SO.04"]
[Time "19:15:53"]
[PlyCount "32"]
[TimeControl "180+2"]

1. e4 e5 2. Nf3 Nc6 3. d4 exd4 4. Nxd4 Nxd4 5. Qxd4 Nf6 6. e5 Nh5 7. Qg4 g6
8. Bg5 d6 9. Bxd8 Bxg4 10. Bxc7 dxe5 11. Bxe5 Ng7 12. Bxg7 Bxg7 13. Nc3 O-O
14. Bd3 Rfe8+ 15. Kd2 Bh6+ 16. f4 Bxf4# { White checkmated } 0-1

[Event "ICC tourney 2552 (3 2)"]
[Site "Internet Chess Club"]
[Date "2021.05.07"]
[Round "4"]
[White "KHISHIGSUREN, ENKHBILGUUN:K01-30069838"]
[Black "HUANG, VICTORIA:K03-30165098"]
[Result "1-0"]
[ICCResult "Black checkmated"]
[WhiteElo "1400"]
[BlackElo "1400"]
[Opening "Four knights: Italian variation"]
[ECO "C47"]
[NIC "KP.06"]
[Time "19:15:20"]
[PlyCount "33"]
[TimeControl "180+2"]

1. e4 e5 2. Nf3 Nc6 3. Nc3 Nf6 4. Bc4 d5 5. exd5 Nxd5 6. Bxd5 Be6 7. Bxc6+
bxc6 8. Nxe5 c5 9. O-O Bd6 10. Re1 O-O 11. Nf3 Qe7 12. d4 cxd4 13. Nxd4 Bf5
14. Rxe7 Bxe7 15. Nxf5 Bc5 16. Qg4 Rfe8 17. Qxg7# { Black checkmated } 1-0

[Event "ICC tourney 2552 (3 2)"]
[Site "Internet Chess Club"]
[Date "2021.05.07"]
[Round "4"]
[White "RAGHAV JEGAN, ASHWIN:K05-16548454"]
[Black "MATHEUSSEN, JACK:K03-17193974"]
[Result "1-0"]
[ICCResult "Black resigns"]
[WhiteElo "1400"]
[BlackElo "1400"]
[Opening "Caro-Kann: exchange variation"]
[ECO "B13"]
[NIC "CK.02"]
[Time "19:16:37"]
[PlyCount "27"]
[TimeControl "180+2"]

1. e4 c6 2. d4 d5 3. exd5 cxd5 4. Nf3 Bf5 5. Bf4 e6 6. Be2 Nc6 7. O-O Nf6
8. h3 Be7 9. Nc3 O-O 10. a3 Qb6 11. Rb1 Rac8 12. Ne5 Qxd4 13. Nxc6 Qxd1 14.
Nxe7+ { Black resigns } 1-0

[Event "ICC tourney 2552 (3 2)"]
[Site "Internet Chess Club"]
[Date "2021.05.07"]
[Round "4"]
[White "YU, YANG:K01-30094337"]
[Black "LEE WANG, HUBERT:K05-17101448"]
[Result "1-0"]
[ICCResult "Black checkmated"]
[WhiteElo "1400"]
[BlackElo "1400"]
[Opening "Giuoco Pianissimo: Canal variation"]
[ECO "C46"]
[NIC "KP.06"]
[Time "19:15:57"]
[PlyCount "33"]
[TimeControl "180+2"]

1. e4 e5 2. Nf3 Nc6 3. Nc3 Bc5 4. Bc4 Nf6 5. d3 d6 6. Bg5 h6 7. Bh4 g5 8.
Bg3 Bg4 9. h4 Nh7 10. hxg5 Nxg5 11. Bh4 Nxf3+ 12. gxf3 Bxf3 13. Qxf3 Qd7
14. Qf6 Rg8 15. O-O-O Rg6 16. Qh8+ Rg8 17. Qxg8# { Black checkmated } 1-0

[Event "ICC tourney 2552 (3 2)"]
[Site "Internet Chess Club"]
[Date "2021.05.07"]
[Round "4"]
[White "KRISHNAN, SHREYANK:K05-16258876"]
[Black "NAGASAI SASHANK KUNCHANAPALLI, HAVISH:K06-30136759"]
[Result "1-0"]
[ICCResult "Black checkmated"]
[WhiteElo "1400"]
[BlackElo "1324"]
[Opening "QGD: Ragozin variation"]
[ECO "D38"]
[NIC "NI.27"]
[Time "19:15:47"]
[PlyCount "37"]
[TimeControl "180+2"]

1. d4 e6 2. Nf3 d5 3. c4 Nf6 4. Nc3 Bb4 5. Bf4 Ne4 6. Qc2 Nxc3 7. bxc3 Bd6
8. Bg3 Bxg3 9. hxg3 c6 10. Rxh7 Rxh7 11. Qxh7 dxc4 12. Qg8+ Ke7 13. Qxg7
Qa5 14. Kd2 Bd7 15. Ne5 Be8 16. Qg5+ Kf8 17. Qf6 Nd7 18. Ng6+ Kg8 19. Qh8#
{ Black checkmated } 1-0

[Event "ICC tourney 2552 (3 2)"]
[Site "Internet Chess Club"]
[Date "2021.05.07"]
[Round "4"]
[White "HIRIYUR CHETHAN, NISCHITH:K06-30157135"]
[Black "KHADEMZADEH, AIDEN:K03-17087747"]
[Result "0-1"]
[ICCResult "White checkmated"]
[WhiteElo "1400"]
[BlackElo "1400"]
[Opening "Giuoco Pianissimo: Canal variation"]
[ECO "C50"]
[NIC "IG.02"]
[Time "19:15:26"]
[PlyCount "54"]
[TimeControl "180+2"]

1. e4 e5 2. Nf3 Nc6 3. Bc4 Bc5 4. Nc3 Nf6 5. d3 d6 6. Bg5 Bg4 7. h3 Bxf3 8.
Qxf3 Nd4 9. Qd1 h6 10. Be3 Nd7 11. Qd2 Qf6 12. O-O-O c6 13. Ne2 b5 14. Bb3
a5 15. a3 b4 16. Nxd4 exd4 17. Bf4 a4 18. axb4 axb3 19. cxb3 Bxb4 20. Qxb4
Qxf4+ 21. Qd2 Qe5 22. f4 Ra1+ 23. Kc2 Qc5+ 24. Qc3 dxc3 25. bxc3 Qf2+ 26.
Rd2 Ra2+ 27. Kd1 Qxd2# { White checkmated } 0-1

[Event "ICC tourney 2552 (3 2)"]
[Site "Internet Chess Club"]
[Date "2021.05.07"]
[Round "4"]
[White "VAN ZANDWEGHE, HENRI:K06-15949902"]
[Black "AYYAPPAN, SANTHOSH:K01-16959235"]
[Result "1-0"]
[ICCResult "Black checkmated"]
[WhiteElo "1400"]
[BlackElo "1400"]
[Opening "Giuoco Piano: Anderssen variation"]
[ECO "C54"]
[NIC "IG.02"]
[Time "19:15:04"]
[PlyCount "59"]
[TimeControl "180+2"]

1. e4 e5 2. Nf3 Nc6 3. Bc4 Bc5 4. c3 Nf6 5. d4 exd4 6. e5 d5 7. Bb5 Ne4 8.
cxd4 Bb4+ 9. Bd2 Nxd2 10. Nbxd2 Bd7 11. O-O O-O 12. Nb3 Nxe5 13. Bxd7 Nxf3+
14. Qxf3 Qxd7 15. a3 Bd6 16. Kh1 c6 17. Rfe1 Rfe8 18. Nd2 Rxe1+ 19. Rxe1
Re8 20. Rxe8+ Qxe8 21. Qe3 Qxe3 22. fxe3 Kf8 23. Kg1 Ke7 24. Kf2 Kf6 25. g3
b6 26. Kf3 Kf5 27. g4+ Kg5 28. h3 Kh4 29. Kg2 h5 30. Nf3# { Black
checkmated } 1-0

[Event "ICC tourney 2552 (3 2)"]
[Site "Internet Chess Club"]
[Date "2021.05.07"]
[Round "4"]
[White "DAFTUAR, ROHAN:K03-17124531"]
[Black "MOHAN, KRISH:K05-30146020"]
[Result "0-1"]
[ICCResult "White checkmated"]
[WhiteElo "1400"]
[BlackElo "1400"]
[Opening "Queen's pawn: London system"]
[ECO "A45"]
[NIC "QP.07"]
[Time "19:15:27"]
[PlyCount "34"]
[TimeControl "180+2"]

1. d4 Nf6 2. Bf4 d5 3. e3 Nc6 4. Nd2 e6 5. Ngf3 Bd6 6. Bg3 O-O 7. Bd3 Re8
8. Bh4 Be7 9. O-O Qd6 10. c4 dxc4 11. Nxc4 Qd7 12. Nfe5 Nxe5 13. Nxe5 Qd5
14. Qc2 h6 15. Qxc7 b6 16. Rfc1 Bb7 17. Qc4 Qxg2# { White checkmated } 0-1

[Event "ICC tourney 2552 (3 2)"]
[Site "Internet Chess Club"]
[Date "2021.05.07"]
[Round "4"]
[White "KEEL, MYLAN:K05-17256996"]
[Black "KRISHNAN, MIHIKA:K05-16596204"]
[Result "0-1"]
[ICCResult "White checkmated"]
[WhiteElo "968"]
[BlackElo "1400"]
[Opening "Queen's pawn game"]
[ECO "D00"]
[NIC "QP.08"]
[Time "19:15:47"]
[PlyCount "24"]
[TimeControl "180+2"]

1. d4 d5 2. e3 e6 3. Bd3 Nf6 4. Bb5+ Nc6 5. Bd3 Bd6 6. Nf3 O-O 7. O-O Re8
8. Ng5 h6 9. e4 dxe4 10. Nxe4 Nxe4 11. Bxe4 Qh4 12. Bxc6 Qxh2# { White
checkmated } 0-1

[Event "ICC tourney 2552 (3 2)"]
[Site "Internet Chess Club"]
[Date "2021.05.07"]
[Round "4"]
[White "THOMAS, HENRY:K03-16790331"]
[Black "WEI, STANLEY:K05-17311215"]
[Result "1-0"]
[ICCResult "Black checkmated"]
[WhiteElo "1400"]
[BlackElo "1400"]
[Opening "Giuoco Piano: Greco variation"]
[ECO "C54"]
[NIC "IG.02"]
[Time "19:16:17"]
[PlyCount "29"]
[TimeControl "180+2"]

1. e4 e5 2. Nf3 Nc6 3. Bc4 Bc5 4. c3 Nf6 5. d4 exd4 6. cxd4 Bb4+ 7. Nc3
Nxe4 8. O-O Nxc3 9. bxc3 Bxc3 10. Qb3 Bxa1 11. Bxf7+ Kf8 12. Bg5 Ne7 13.
Ne5 h6 14. Bg6 Bxd4 15. Qf7# { Black checkmated } 1-0

[Event "ICC tourney 2552 (3 2)"]
[Site "Internet Chess Club"]
[Date "2021.05.07"]
[Round "4"]
[White "STINGLEY, MAX:K05-16512763"]
[Black "PENG, LIONEL:K03-17121368"]
[Result "1-0"]
[ICCResult "Black checkmated"]
[WhiteElo "1400"]
[BlackElo "1400"]
[Opening "Giuoco Piano"]
[ECO "C54"]
[NIC "IG.02"]
[Time "19:15:57"]
[PlyCount "53"]
[TimeControl "180+2"]

1. e4 e5 2. Nf3 Nc6 3. Bc4 Bc5 4. c3 Nf6 5. O-O O-O 6. Re1 d6 7. d4 exd4 8.
cxd4 Bb4 9. Bd2 Bxd2 10. Nbxd2 Bg4 11. Qb3 Bxf3 12. Nxf3 Na5 13. Qb4 Nxc4
14. Qxc4 Qd7 15. e5 dxe5 16. Nxe5 Qd8 17. Rac1 Rc8 18. Qb4 b6 19. Nc6 Qd7
20. Ne7+ Kh8 21. Nxc8 Rxc8 22. Re7 Qd5 23. Rexc7 Rxc7 24. Rxc7 Qxa2 25.
Qf8+ Ng8 26. Qxg8+ Kxg8 27. Rc8# { Black checkmated } 1-0

[Event "ICC tourney 2552 (3 2)"]
[Site "Internet Chess Club"]
[Date "2021.05.07"]
[Round "4"]
[White "SELVAM, SWAGATHA:K05-16203181"]
[Black "BRODY GAMEZ, LIAM:K06-17012964"]
[Result "1-0"]
[ICCResult "Black checkmated"]
[WhiteElo "1400"]
[BlackElo "1400"]
[Opening "QGA: 3.e4"]
[ECO "D20"]
[NIC "QG.04"]
[Time "19:15:57"]
[PlyCount "23"]
[TimeControl "180+2"]

1. d4 d5 2. c4 dxc4 3. e4 Nc6 4. d5 Nb8 5. Bxc4 Nf6 6. Nc3 Ng4 7. h3 Nf6 8.
Bf4 e6 9. e5 Nh5 10. Qxh5 exd5 11. Bxd5 c6 12. Qxf7# { Black checkmated }
1-0